 Dungeon Crawl Stone Soup version 0.24.0-28-g17ded55e90 (webtiles) character file.

Game seed: 6374510306113104137, levelgen mode: deterministic

640 Nattfarinn the Caller (level 7, -2/58 HPs)
             Began as a Barachi Summoner on Nov 13, 2019.
             Shot with an arrow by a centaur (17 damage)
             ... on level 6 of the Dungeon.
             The game lasted 00:17:05 (5392 turns).

Nattfarinn the Caller (Barachi Summoner)            Turns: 5392, Time: 00:17:06

Health: -2/58      AC:  3    Str: 10    XL:     7   Next: 51%
Magic:  12/14      EV: 12    Int: 17    God:
Gold:   178        SH:  0    Dex: 12    Spells: 9/15 levels left

rFire    . . .     SeeInvis .   m - +5 flail (holy)
rCold    . . .     Gourm    .   (no shield)
rNeg     . . .     Faith    .   a - +1 robe
rPois    .         Spirit   .   (no helmet)
rElec    .         Reflect  .   (no cloak)
rCorr    .         Harm     .   (no gloves)
MR       .....                  (no boots)
Stlth    ++........             (no amulet)
HPRegen  0.19/turn              (no ring)
MPRegen  0.14/turn              (no ring)

@: slow
A: +LOS, swims, slowness 1, strong legs 1
a: Hop


You were on level 6 of the Dungeon.
You were not hungry.

You visited 1 branch of the dungeon, and saw 6 of its levels.

You collected 178 gold pieces.

Inventory:

Hand Weapons
 b - a +2 whip of venom
 m - a +5 flail of holy wrath (weapon)
Armour
 a - a +1 robe (worn)
Jewellery
 k - a +3 amulet of reflection
Wands
 g - a wand of iceblast (6)
Scrolls
 f - a scroll of amnesia
 h - 4 scrolls of remove curse
 l - 2 scrolls of identify
 o - 2 scrolls of teleportation
Potions
 e - 2 potions of curing
 n - a potion of degeneration {unknown}
 p - a potion of might {unknown}
 q - a potion of lignification
 r - a potion of flight {unknown}
 s - a potion of heal wounds
Comestibles
 c - 8 rations
 d - 4 chunks of flesh


   Skills:
 - Level 6.0 Fighting
 - Level 2.1 Dodging
 - Level 1.7 Stealth
 - Level 4.8 Spellcasting
 + Level 6.9 Summonings


You had 9 spell levels left.
You knew the following spells:

 Your Spells              Type           Power        Failure   Level  Hunger
a - Summon Small Mammal   Summ           ####         1%          1    None
b - Call Imp              Summ           ####....     1%          2    #......
c - Call Canine Familiar  Summ           ####....     2%          3    ###....

Your spell library contained the following spells:

 Spells                   Type           Power        Failure   Level  Hunger
 Summon Guardian Golem    Hex/Summ       ###.....     11%         3    ###....
 Summon Ice Beast         Ice/Summ       ###.....     34%         4    ####...
 Summon Lightning Spire   Summ/Air       ###.....     34%         4    ####...


Dungeon Overview and Level Annotations

Branches:
Dungeon (6/15)
 Temple: D:4-7

Altars:
Fedhas
Kikubaaqudgha
Makhleb
Okawaru
Ru
Sif Muna
Xom
Zin

Annotations:
D:5 Menkaure


Innate Abilities, Weirdness & Mutations

Shadows flee at your approach. (+LOS)
You can swim through water.
You cover ground slowly.
You can hop short distances.


Message History

The centaur misses you.
Your crimson imp hits the centaur.
Your hound barely misses the centaur.
The centaur hits you.
You hit the centaur.
The centaur is severely wounded.
Your hound bites the centaur but does no damage.
The centaur hits you.
Your crimson imp hits the centaur but does no damage.
Your hound bites the centaur.
The centaur hits you.
* * * LOW HITPOINT WARNING * * *
You feel much better.
Your crimson imp closely misses the centaur.
Your hound barely misses the centaur.
The centaur hits you! The steam dragon breathes steam at you.
The ball of steam hits you!
* * * LOW HITPOINT WARNING * * *
The centaur wields a +0 shortbow.
The centaur shoots an arrow.
The arrow closely misses you.
Your crimson imp blinks!
The centaur shoots an arrow.
The arrow hits you!
You die...

.............# ..# ##
.............# #.# ..
.............# #.# #.#
.............######.# .. .
...#.#....)....)....##.##.###
...#.#.###########...........
..............(..§.(##.##.##.
................5§§........:
.....#..#.......@§§.....#.##
....... #.......§§§h....# #
.##..## #.......§Dc#.#..# #.
#............#..#
###.#####......... ..
........#.# .# #....####.#
#..... ##.....


You could see a steam dragon, a centaur and a friendly crimson imp.

Vanquished Creatures
  Edmund (D:4)
  A phantom (D:4)
  A centaur zombie (D:6)
  An orc wizard (D:4)
  A centaur skeleton (D:4)
  Terence (D:2)
  3 gnolls (D:4)
  4 adders
  An ooze (D:4)
  An adder zombie (D:3)
  A worm (D:2)
  3 adder skeletons (D:4)
  2 dart slugs
  2 leopard geckos (D:3)
  6 orcs (D:4)
  5 bats
  7 giant cockroaches
  6 goblins
  8 hobgoblins
  4 jackals (D:4)
  A quokka (D:3)
  2 ball pythons
  2 frilled lizards
  6 kobolds
  A quokka skeleton (D:4)
  9 rats
80 creatures vanquished.

Vanquished Creatures (collateral kills)
  An ogre (D:4)
  3 orc priests (D:4)
  An orc wizard (D:4)
  A centaur skeleton (D:4)
  2 worker ants
  5 adders
  11 gnolls
  A shadow imp (D:5)
  An adder skeleton (D:4)
  A worm (D:2)
  A leopard gecko (D:4)
  16 orcs
  A bat (D:2)
  A giant cockroach (D:3)
  2 hobgoblins
  2 quokkas (D:4)
  A frilled lizard (D:4)
  A kobold (D:1)
  2 rats
54 creatures vanquished.

Grand Total: 134 creatures vanquished

Notes
Turn   | Place    | Note
-------+----------+-------------------------------------------
     0 | D:1      | Nattfarinn the Barachi Summoner began the quest for the
                  | Orb.
     0 | D:1      | Reached XP level 1. HP: 13/13 MP: 3/3
   167 | D:1      | Reached skill level 5 in Summonings
   213 | D:1      | Reached XP level 2. HP: 19/19 MP: 5/5
  1153 | D:2      | Noticed Terence
  1157 | D:2      | Learned a level 2 spell: Call Imp
  1178 | D:2      | Killed Terence
  1178 | D:2      | Reached XP level 3. HP: 24/24 MP: 1/7
  1623 | D:2      | Reached XP level 4. HP: 29/30 MP: 8/8
  1628 | D:2      | Learned a level 3 spell: Call Canine Familiar
  1647 | D:2      | Found an iron altar of Okawaru.
  2313 | D:3      | Found a blossoming altar of Fedhas.
  2439 | D:3      | Reached skill level 1 in Fighting
  2576 | D:3      | Reached XP level 5. HP: 34/37 MP: 7/10
  2992 | D:4      | Noticed Edmund
  3294 | D:4      | Killed Edmund
  3294 | D:4      | Reached XP level 6. HP: 47/47 MP: 6/11
  3771 | D:4      | Found a glowing silver altar of Zin.
  3775 | D:4      | Found a burning altar of Makhleb.
  3776 | D:4      | Noticed an angel
  3778 | D:4      | Noticed an Executioner
  3844 | D:4      | Noticed a phantom
  3916 | D:4      | Killed a phantom
  3916 | D:4      | Reached skill level 5 in Fighting
  3916 | D:4      | Reached XP level 7. HP: 28/56 MP: 11/13
  5126 | D:5      | Entered Level 5 of the Dungeon
  5136 | D:5      | Noticed Menkaure
  5143 | D:5      | Found a blossoming altar of Fedhas.
  5143 | D:5      | Found an ancient bone altar of Kikubaaqudgha.
  5143 | D:5      | Found a sacrificial altar of Ru.
  5143 | D:5      | Found a shimmering altar of Xom.
  5143 | D:5      | Found a shimmering blue altar of Sif Muna.
  5389 | D:6      | Noticed a steam dragon
  5392 | D:6      | Shot with an arrow by a centaur

Levels and vault maps discovered:
D:1:      dpeg_arrival_tiny_e, layout_basic, minivault_5
D:2:      layout_basic, okawaru_gym_becter, uniq_terence
D:3:      layout_loops_ring, first_ration, fedhas_altar_2
D:4:      layout_basic, grunt_temple_overflow_order_and_chaos_2,
          kennysheep_boxes, uniq_edmund
D:5:      layout_cave_pools, nicolae_overflow_hidden_temple, enter_ossuary_3,
          uniq_blork_the_orc, uniq_menkaure
D:6:      cheibrodos_steamvent, layout_basic, temple_fountains,
          lemuel_statue_altar, uniq_grinder, uniq_duvessa

Skill      XL: |  1  2  3  4  5  6  7 |
---------------+----------------------+-----
Summonings     | 5 6 |  6.9
Spellcasting   | 3 4 |  4.8
Fighting       | 1 3 5 6 |  6.0
Dodging        | |  2.1
Stealth        | |  1.7

Action                   |  1- 3 |  4- 6 |  7- 9 || total
-------------------------+-------+-------+-------++-------
Melee: Whip              |    63 |    92 |       ||   155
       Flail             |       |    22 |    21 ||    43
 Cast: Summon Small Mamm |     2 |       |       ||     2
       Call Imp          |    10 |    20 |    15 ||    45
       Call Canine Famil |       |    20 |     7 ||    27
  Use: Potion            |     1 |     2 |     1 ||     4
       Scroll            |       |     1 |     6 ||     7
 Stab: Sleeping          |     3 |     4 |       ||     7
       Distracted        |       |     1 |       ||     1
  Eat: Chunk             |     3 |     7 |     6 ||    16
       Ration            |       |     1 |       ||     1
Armor: Robe              |     4 |    24 |     3 ||    31
       Skin              |       |     1 |       ||     1
Dodge: Dodged            |    36 |    92 |    22 ||   150
